 Dungeon Crawl Stone Soup version 0.19.0-9-gfd783f2 (webtiles) character file.

24 nikopol the Firebug (level 3, 19/19 HPs)
             Began as a Gargoyle Fire Elementalist on Nov 7, 2016.
             Quit the game on level 1 of the Dungeon.
             The game lasted 00:05:53 (878 turns).

nikopol the Firebug (Gargoyle Fire Elementalist)     Turns: 878, Time: 00:05:54

Health: 19/19      AC:  6    Str: 11    XL:     3   Next: 2%
Magic:  6/6        EV: 12    Int: 16    God:
Gold:   35         SH:  0    Dex: 10    Spells: 1 memorised, 5 levels left

rFire  . . .     SeeInvis .     g - +0 dagger
rCold  . . .     Gourm    .     a - +0 robe
rNeg   + . .     Faith    .     (no shield)
rPois  ∞         Spirit   .     (no helmet)
rElec  +         Reflect  .     (no cloak)
rCorr  .         Harm     .     k - +0 pair of gloves
MR     .....                    (no boots)
Stlth  ++........               (no amulet)
                                (no ring)
                                (no ring)

@: no status effects
A: negative energy resistance 1, electricity resistance, unbreathing,
petrification resistance, rot immunity, AC +3
a: no special abilities


You were on level 1 of the Dungeon.
You were not hungry.

You visited 1 branch of the dungeon, and saw 1 of its levels.

You collected 35 gold pieces.

Inventory:

Hand Weapons
 g - a +0 dagger (weapon)
Armour
 a - a +0 robe (worn)
 k - a +0 pair of gloves (worn)
Jewellery
 j - a +2 ring of evasion {unknown}
Scrolls
 d - 2 scrolls of identify {unknown}
 e - a scroll of fog {unknown}
 h - a scroll of enchant armour {unknown}
Potions
 l - a potion of haste {unknown}
Books
 b - a book of Flames

   Spells                             Type                      Level
   a - Flame Tongue                   Conjuration/Fire             1
   b - Throw Flame                    Conjuration/Fire             2
   c - Conjure Flame                  Conjuration/Fire             3
   d - Inner Flame                    Hexes/Fire                   3
   e - Sticky Flame                   Conjuration/Fire             4
   f - Fireball                       Conjuration/Fire             5
Comestibles
 c - a bread ration
 f - 3 chunks of flesh
 i - a royal jelly


   Skills:
 + Level 1.9 Dodging
 + Level 2.6 Stealth
 + Level 2.1 Spellcasting
 + Level 1.5 Conjurations
 + Level 3.3 Fire Magic


You had 5 spell levels left.
You knew the following spells:

 Your Spells              Type           Power        Failure   Level  Hunger
a - Flame Tongue          Conj/Fire      #....        10%         1    #......


Dungeon Overview and Level Annotations

Branches:
Dungeon (1/15)

Altars:


Innate Abilities, Weirdness & Mutations

You are resistant to torment.
Your stone body is resilient. (AC +3)
You are immune to poison.
You resist negative energy. (rN+)
You are resistant to electric shocks. (rElec)
You can survive without breathing.
You are immune to petrification.
You are immune to rotting.


Message History

Press: ? - help, Shift-Dir - straight line, f/p - hobgoblin
Aim: a hobgoblin, wielding a club The flame tongue hits the hobgoblin.
The hobgoblin is severely wounded.
Casting: Flame Tongue
Confirm with . or Enter, or press ? or * to list all spells.
Aiming: Flame Tongue
Press: ? - help, Shift-Dir - straight line, f/p - hobgoblin
Aim: a hobgoblin, wielding a club (severely wounded)
The flame tongue hits the hobgoblin.
You kill the hobgoblin!
You have reached level 3!
Your experience leads to an increase in your attributes!
Increase (S)trength, (I)ntelligence, or (D)exterity?
You feel clever.
You start resting.
Your magical contamination has completely faded away.
You start resting.
Magic restored.
Are you sure you want to abandon this character and quit the game? (Confirm with "yes".)

# #.# #
#.############ #
#.#..........# #
#.#.########.## #
#.#.# ###...####
#.#.# #.........
#)#.# #.#...####
#@#.# #.##.## #.
#.#.# #.##.####.
#.#.#####.##.##...
#.#..>..........#.
#.######..#...).#.
#........###...###
########..#....#)#
#......##.#
#.#....#...


There were no monsters in sight!

Vanquished Creatures
  2 dart slugs (D:1)
  A leopard gecko (D:1)
  4 goblins (D:1)
  4 hobgoblins (D:1)
  2 kobolds (D:1)
  3 bats (D:1)
  A frilled lizard (D:1)
  A rat (D:1)
18 creatures vanquished.

Notes
Turn   | Place    | Note
-------+----------+-------------------------------------------
     0 | D:1      | nikopol the Gargoyle Fire Elementalist began the quest for the Orb.
     0 | D:1      | Reached XP level 1. HP: 10/10 MP: 3/3
   227 | D:1      | Reached XP level 2. HP: 15/15 MP: 0/5
   840 | D:1      | Reached XP level 3. HP: 19/19 MP: 2/6
   878 | D:1      | Quit the game

Action                   || total
-------------------------++-------
Melee: Unarmed           ||     5
       Dagger            ||    13
 Cast: Flame Tongue      ||    28
Armor: Robe              ||     9
Dodge: Dodged            ||    12
